 Dungeon Crawl Stone Soup version 0.20.1-1-g8b1a95d (webtiles) character file.

475477 beigtais the Archmage (level 23, 0/116 HPs)
             Began as a Deep Elf Conjurer on Sept 4, 2017.
             Was the Champion of Vehumet.
             Slain by a spark wasp (15 damage)
             ... on level 4 of the Depths on Sept 12, 2017.
             The game lasted 16:52:59 (90279 turns).

beigtais the Archmage (Deep Elf Conjurer)          Turns: 90279, Time: 16:53:00

Health: 0/116      AC: 19    Str:  2    XL:     23   Next: 32%
Magic:  6/59       EV: 18    Int: 34    God:    Vehumet [******]
Gold:   3104       SH:  2    Dex: 16    Spells: 16/76 levels left

rFire    + . .     SeeInvis +   d - staff of wizardry
rCold    + . .     Gourm    .   (no shield)
rNeg     + . .     Faith    .   D - +3 leather armour {rF+}
rPois    .         Spirit   .   S - +1 hat {SInv}
rElec    .         Reflect  +   G - +2 cloak {MR+}
rCorr    .         Harm     .   J - +1 pair of gloves
MR       +++..                  z - +2 pair of boots {Stlth+}
Stlth    ++++++....             g - +2 amulet of reflection
Regen    0.3/turn               T - ring of the Octopus King {MP+9 AC+1 EV+1 Str+1 Int+1 Dex+1}
MPRegen  0.4/turn               R - ring of positive energy

@: about to teleport, hasted, deflect missiles, very quick
A: hooves 1, horns 1, iridescent scales 1, rugged brown scales 1, clever 1, cold
resistance 1, low mp 1, weak 2
}: 3/15 runes: barnacled, slimy, gossamer
a: Renounce Religion


You were on level 4 of the Depths.
You worshipped Vehumet.
Vehumet was exalted by your worship.
You were hungry.

You visited 9 branches of the dungeon, and saw 44 of its levels.
You visited the Abyss 1 time.
You also visited: Ice Cave.

You collected 7388 gold pieces.
You spent 4284 gold pieces at shops.

Inventory:

Hand Weapons
 e - a +4 lajatang of speed
 l - a +9 quarterstaff of chaos
Missiles
 C - 4 javelins of penetration
 U - 8 silver javelins (quivered)
Armour
 z - a +2 pair of boots of stealth (worn)
 B - a +2 robe of cold resistance
 D - a +3 leather armour of fire resistance (worn)
 G - a +2 cloak of magic resistance (worn)
 H - a scarf of cloud immunity
 J - a +1 pair of gloves (worn)
 S - a +1 hat of see invisible (worn)
Magical Staves
 d - an uncursed staff of wizardry (weapon)
 m - an uncursed staff of energy
Jewellery
 a - an uncursed ring of protection from magic
 c - an uncursed ring of protection from fire
 f - an uncursed ring of protection from fire
 g - a +2 amulet of reflection (around neck)
 F - an uncursed ring of poison resistance
 R - a ring of positive energy (right hand)
 T - a ring of the Octopus King (left hand) {MP+9 AC+1 EV+1 Str+1 Int+1 Dex+1}
   (You took it off a deep elf archer on level 3 of the Elven Halls)

   [ring of magical power]

   It affects your AC (+1).
   It affects your evasion (+1).
   It affects your strength (+1).
   It affects your intelligence (+1).
   It affects your dexterity (+1).
   It affects your magic capacity (+9).
Wands
 x - a wand of iceblast (15/15)
 A - a wand of acid (5/15)
 M - a wand of digging (15/24)
Scrolls
 i - a scroll of identify
 o - 7 scrolls of teleportation
 p - a scroll of holy word
 s - 18 scrolls of remove curse
 t - 4 scrolls of amnesia
 u - 5 scrolls of fog
 w - 4 scrolls of silence
 E - a scroll of acquirement
 I - 6 scrolls of magic mapping
 N - 4 scrolls of recharging
 X - a scroll of fear
 Z - 4 scrolls of immolation
Potions
 h - 7 potions of haste
 k - 11 potions of curing
 n - 3 potions of resistance
 q - 2 potions of invisibility
 K - a potion of magic
 L - 8 potions of flight
 Q - 6 potions of heal wounds
 V - 3 potions of mutation
 Y - 11 potions of ambrosia
Books
 b - a book of Burglary

   Spells                             Type                      Level
   a - Swiftness                      Charms/Air                   2
   b - Passwall                       Transmutation/Earth          2
   c - Passage of Golubria            Translocation                4
   d - Lee's Rapid Deconstruction     Earth                        5
   e - Darkness                       Hexes                        6
   f - Invisibility                   Hexes                        6
 v - the Disquisition on Arcane Weapons
   (You acquired it on level 2 of the Depths)

   Spells                             Type                      Level
   a - Throw Flame                    Conjuration/Fire             2
   b - Throw Icicle                   Conjuration/Ice              4
   c - Sticky Flame                   Conjuration/Fire             4
   d - Bolt of Magma                  Conjuration/Fire/Earth       5
   e - Orb of Destruction             Conjuration                  7
 O - a book of Unlife

   Spells                             Type                      Level
   a - Recall                         Summoning/Translocation      3
   b - Animate Dead                   Necromancy                   4
   c - Control Undead                 Necromancy                   4
   d - Cigotuvi's Embrace             Necromancy                   5
   e - Death Channel                  Necromancy                   6
   f - Simulacrum                     Ice/Necromancy               6
 W - a book of Summonings

   Spells                             Type                      Level
   a - Recall                         Summoning/Translocation      3
   b - Aura of Abjuration             Summoning                    5
   c - Summon Demon                   Summoning                    5
   d - Summon Forest                  Summoning/Translocation      5
   e - Summon Mana Viper              Hexes/Summoning              5
   f - Shadow Creatures               Summoning                    6
Comestibles
 j - 17 royal jellies
 r - 12 meat rations
 P - a fruit


   Skills:
 + Level 2.6 Fighting
   Level 1.7 Short Blades
 + Level 8.9 Staves
 + Level 7.6 Throwing
 + Level 2.5 Armour
 + Level 12.2 Dodging
 + Level 11.6 Stealth
 O Level 27 Spellcasting
 + Level 20.2 Conjurations
   Level 7.8 Hexes
 + Level 2.0 Charms
 + Level 5.5 Summonings
 + Level 15.4 Necromancy
 + Level 7.4 Translocations
 + Level 14.8 Fire Magic
 + Level 12.6 Ice Magic
 + Level 7.8 Air Magic
 + Level 3.2 Earth Magic
   Level 4.0 Poison Magic
 + Level 0.7 Evocations


You had 16 spell levels left.
You knew the following spells:

 Your Spells              Type           Power        Failure   Level  Hunger
a - Deflect Missiles      Chrm/Air       ######....   9%          6    None
b - Bolt of Fire          Conj/Fire      ########..   1%          6    None
d - Force Lance           Conj/Tloc      #######.     1%          4    None
e - Iron Shot             Conj/Erth      #######...   1%          6    None
f - Bolt of Draining      Conj/Necr      ########..   0%          5    None
g - Bolt of Cold          Conj/Ice       ########..   1%          6    None
h - Spellforged Servitor  Conj/Summ      #######...   1%          7    None
i - Animate Dead          Necr           N/A          0%          4    None
j - Freezing Cloud        Conj/Ice/Air   #######...   1%          6    None
k - Ignition              Fire           #######...   1%          8    None
l - Blink                 Tloc           N/A          1%          2    None


Dungeon Overview and Level Annotations

Branches:
Dungeon (15/15)            Temple (1/1) D:5            Lair (6/6) D:11
 Shoals (4/4) Lair:3       Spider (4/4) Lair:2        Slime (5/5) Lair:5
    Orc (2/2) D:11            Elf (3/3) Orc:2        Vaults (0/5) D:14
 Depths (4/5) D:15

Altars:
Ashenzari
Cheibriados
Dithmenos
Elyvilon
Fedhas
Gozag
Hepliaklqana
Kikubaaqudgha
Makhleb
Nemelex Xobeh
Okawaru
Qazlal
Ru
Sif Muna
Trog
Uskayaw
Vehumet
Xom
Yredelemnul
Zin
The Shining One
Beogh

Shops:
D:4 %   D:6 %   D:7 *   D:10 !   D:13 *   Orc:1 }([   Orc:2 ?:?(   Elf:2 *
Shoals:3 !   Depths:1 }=}   Depths:3 }*![%

Portals:
Hell: Depths:1 Depths:3
Abyss: Depths:4
Pandemonium: Depths:3
Ziggurat: Depths:3
Trove: D:12 (give 19 potions of curing)

Annotations:
D:4 Dowan
Depths:2 exclusion: 2 orange crystal statues


Innate Abilities, Weirdness & Mutations

You have large cloven feet.
You have a pair of small horns on your head.
You are partially covered in iridescent scales. (AC +2)
You are partially covered in rugged brown scales. (AC +1, +3% HP)
Your mind is acute. (Int +2)
Your flesh is cold resistant. (rC+)
Your magical capacity is low. (-10% MP)
You are very weak. (Str -4)


Message History

The polar bear rages.
Something unseen opens the door.
A great orb of eyes comes into view.
As you read the scroll of teleportation, it crumbles to dust.
You feel strangely unstable. The spark wasp stings you!
The spark wasp shocks you! The spark wasp stings you!
The spark wasp shocks you! The spark wasp closely misses you.
Casting: Force Lance
Confirm with . or Enter, or press ? or * to list all spells.
You blink.
A stone giant comes into view.
The stone giant shouts!
The spark wasp closely misses you. The stone giant barely misses you.
Casting: Blink
Confirm with . or Enter, or press ? or * to list all spells.
You blink.
The stone giant throws a large rock.
You deflect the large rock! The spark wasp stings you!!
* * * LOW HITPOINT WARNING * * *
The spark wasp shocks you!
You die...

# # # # . #
##############... ###
#.....§yy§CG..... ..#
#.%>..ihy....##..
#.....
#......y.....C...
######
#.......@....##.# #
.'....=(......# .
##### .#............#
./..##..####+####+####
....'...# ....##..#
....# . ....## ####+##
.<...# ......#


You could see 2 stone giants, a great orb of eyes, 4 spark wasps, a spriggan
berserker (berserk) and a polar bear (berserk).

Vanquished Creatures
  the Royal Jelly (Slime:5)
  A juggernaut (Depths:3)
  The ghost of Chisa the Peltast, a veteran DsGl of Okawaru (Depths:3)
  A tentacled monstrosity (Depths:2)
  3 liches
  A deep elf blademaster (Elf:3)
  21 acid blobs
  The ghost of kae the Black Belt, an adept DsGl of Okawaru (Spider:4)
  A kraken (Shoals:3)
  A tentacled starspawn (Abyss:2)
  A deep elf master archer (Elf:3)
  Kirke (Elf:1)
  2 sphinxes (Depths:3)
  Gastronok (Lair:3)
  A storm dragon (Depths:3)
  A tengu reaver (Depths:3)
  Ilsuiw (Shoals:4)
  Polyphemus (Shoals:4)
  The ghost of simples the Bludgeoner, an adept GrGl of Trog (Spider:4)
  6 fire giants
  18 azure jellies
  7 ghost moths
  A balrug (Depths:1)
  6 deep elf sorcerers
  A caustic shrike zombie (D:15)
  Aizul (Depths:1)
  An orc warlord (Orc:1)
  4 frost giants
  2 deep elf elementalists (Elf:3)
  An emperor scorpion (Spider:4)
  14 stone giants
  9 very ugly things
  3 vampire knights
  4 deep elf demonologists
  5 deep elf annihilators (Elf:3)
  2 entropy weavers
  Azrael (D:13)
  2 eidola (Depths:2)
  4 spark wasps
  3 ettins
  3 deep elf death magi (Elf:3)
  2 fire dragons
  4 merfolk impalers
  3 merfolk javelineers (Shoals:4)
  9 death oozes
  9 deep elf high priests
  2 yaktaur captains
  9 great orbs of eyes
  2 ice dragons (Depths:1)
  4 rakshasas
  4 catoblepae
  8 hydras
  2 alligator snapping turtles
  The ghost of Frank the Covert, a journeyman OpMo of Dithmenos (D:11)
  A merfolk aquamancer (Shoals:4)
  5 ogre magi
  A death knight (D:14)
  7 centaur warriors
  34 dancing weapons
  10 two-headed ogres
  4 deep troll shamans
  11 deep troll earth magi
  5 merfolk avatars
  7 death yaks
  4 tengu warriors
  5 satyrs
  A vampire mage (Abyss:2)
  2 orc high priests
  3 sun demons
  24 deep elf knights
  3 hell knights (Depths:3)
  2 iron trolls
  A sixfirhy (Abyss:2)
  2 shadow wraiths (Depths:2)
  2 wretched stars (Abyss:2)
  A spatial maelstrom (Abyss:2)
  A skeletal warrior (D:15)
  7 unseen horrors
  2 wizards
  10 deep trolls
  A spectral anaconda (Depths:2)
  3 flayed ghosts
  4 glowing orange brains
  A death drake (Depths:2)
  9 sea snakes
  5 phantasmal warriors
  A tengu zombie (D:15)
  2 spectral hydras (Depths:2)
  2 wolf spider zombies
  14 deep elf archers
  An orc knight (Orc:2)
  14 harpies
  3 necromancers
  20 wolf spiders
  A mana viper (Depths:2)
  16 orb spiders
  34 ugly things
  7 shining eyes
  An oklob plant (D:13)
  86 deep elf magi
  6 orc sorcerers
  A faun (shapeshifter) (Depths:3)
  4 moths of wrath
  6 cyclopes
  8 fauns
  3 large abominations (Abyss:2)
  11 manticores
  4 merfolk sirens
  A rust devil (Abyss:2)
  4 elephants (Lair:6)
  3 black mambas
  Maurice (D:9)
  Joseph (D:8)
  3 water nymphs (Shoals:3)
  A gargoyle (D:12)
  An ice statue (IceCv)
  5 eyes of devastation
  11 spiny frogs
  The ghost of Cadaver the Chopper, a novice HuWn (D:4)
  A yaktaur zombie (D:15)
  6 demonic crawlers
  An efreet (D:14)
  13 yaktaurs
  2 spectral merfolk (Depths:2)
  A kobold demonologist (D:14)
  A rime drake (Lair:5)
  A tormentor (Abyss:2)
  A guardian mummy (D:15)
  7 komodo dragons
  15 freezing wraiths
  A tengu conjurer (Depths:3)
  An anaconda simulacrum (Depths:2)
  2 polar bears
  14 trolls
  A meliai (D:14)
  A red devil (Depths:4)
  26 jumping spiders
  3 wind drakes
  10 hornets
  16 merfolk
  144 slime creatures
  6 raiju
  10 blink frogs
  4 dream sheep (Lair:5)
  8 hippogriffs
  7 snapping turtles
  2 dream sheep (shapeshifter)
  The ghost of flestrin the Stinger, an amateur OpVM (D:3)
  A hippogriff (shapeshifter) (Depths:2)
  Sigmund (D:6)
  4 centaur simulacra
  2 small abominations (Abyss:2)
  3 wyverns (D:11)
  5 air elementals
  8 shadows
  20 tarantellas
  11 water elementals
  5 wraiths
  Eustachio (D:6)
  42 redbacks
  48 yaks
  An elf zombie (D:15)
  2 vampires (Depths:2)
  An elf simulacrum (Depths:4)
  7 fire elementals
  A hungry ghost (Abyss:2)
  4 hogs (Elf:1)
  A human (shapeshifter) (Depths:3)
  7 golden eyes
  A basilisk (Lair:2)
  A steam dragon (D:9)
  Grum (D:9)
  12 vampire mosquitoes
  8 wargs
  2 acid dragons
  A water moccasin (shapeshifter) (D:14)
  Duvessa (D:4)
  A spectral troll (Depths:2)
  4 porcupines
  A spectral spriggan (Depths:2)
  7 hell hounds
  4 floating eyes
  A floating eye (shapeshifter) (Depths:3)
  8 water moccasins
  23 orc warriors
  2 sky beasts
  A snapping turtle zombie (Depths:2)
  A black bear (D:8)
  2 hornet zombies
  An eye of draining (shapeshifter) (Depths:3)
  16 ogres
  2 phantoms
  9 ice beasts
  2 necrophages
  6 eyes of draining
  7 boggarts
  22 centaurs
  41 wolves
  11 crocodiles
  A crocodile (shapeshifter) (Depths:2)
  5 big kobolds
  15 bullfrogs
  6 earth elementals
  A wyvern zombie (D:12)
  8 scorpions
  An elephant simulacrum (IceCv)
  5 spectral ogres (Depths:2)
  14 killer bees
  2 spectral nagas (Depths:2)
  6 wights
  8 howler monkeys
  2 electric eels
  3 bullfrog zombies
  2 crimson imps (D:8)
  3 draconian simulacra (IceCv)
  6 quasits
  7 centaur zombies
  5 jellies
  11 orc priests
  5 hounds
  3 bullfrog skeletons
  Crazy Yiuf (D:4)
  5 centaur skeletons
  Jessica (D:2)
  3 iguanas
  36 orc wizards
  3 spriggan simulacra
  4 troll simulacra (IceCv)
  15 worker ants
  A polar bear simulacrum (IceCv)
  3 hound skeletons
  Robin (D:4)
  4 gnolls
  3 naga simulacra
  5 ogre simulacra (IceCv)
  9 adders
  6 shadow imps
  25 white imps
  3 ufetubi
  An adder zombie (D:8)
  7 worms
  A dart slug (D:3)
  7 leopard geckos
  105 orcs
  4 ball pythons
  10 bats
  5 giant cockroaches
  2 gnoll zombies (D:6)
  16 goblins
  7 hobgoblins
  10 jackals
  2 quokkas
  2 frilled lizards
  29 kobolds
  A quokka skeleton (D:3)
  9 rats
  2 fulminant prisms (D:10)
  3 fungi
  27 plants
  2 tentacles (Shoals:3)
  3 withered plants (D:15)
1836 creatures vanquished.

Vanquished Creatures (collateral kills)
  A juggernaut (Depths:3)
  Nikola (Elf:1)
  3 acid blobs
  2 deep elf blademasters
  A deep elf master archer (Elf:3)
  A shadow dragon (Depths:3)
  Frances (Shoals:2)
  Donald (Elf:2)
  2 fire giants
  A frost giant (Depths:2)
  3 deep elf sorcerers (Elf:3)
  2 emperor scorpions (Spider:4)
  Louise (Shoals:2)
  2 deep elf elementalists
  5 very ugly things
  An angel (Depths:3)
  A stone giant (Depths:3)
  A deep elf demonologist (Elf:3)
  An entropy weaver (Spider:1)
  4 deep elf annihilators (Elf:3)
  2 ettins
  A spark wasp (Depths:3)
  2 deep elf death magi (Elf:3)
  4 merfolk impalers
  3 merfolk javelineers (Shoals:4)
  2 fire dragons (Depths:3)
  A yaktaur captain (Depths:3)
  4 deep elf high priests (Elf:3)
  An ice dragon (Depths:3)
  5 merfolk avatars
  2 spriggan air magi
  A catoblepas (Shoals:4)
  2 hydras
  A satyr (Shoals:3)
  A death knight (D:13)
  3 two-headed ogres
  2 merfolk aquamancers
  4 death yaks
  A tengu warrior (Depths:1)
  3 deep troll shamans
  A vampire mage (Depths:1)
  5 dancing weapons (Elf:2)
  3 deep troll earth magi
  Nergalle (Orc:2)
  Urug (Orc:1)
  3 deep elf knights
  A skeletal warrior (Depths:2)
  4 hell knights (Depths:3)
  A sixfirhy (Depths:3)
  4 sea snakes
  5 deep trolls
  A death drake (Depths:2)
  A glowing orange brain (Depths:3)
  2 gelid demonspawn
  5 deep elf archers
  A golden dragon skeleton (Depths:4)
  A flayed ghost (Depths:2)
  5 harpies
  An orc sorcerer (Orc:2)
  16 deep elf magi
  A necromancer (Depths:4)
  12 fauns
  A mana viper (Depths:2)
  6 orb spiders
  10 wolf spiders
  6 ugly things (Depths:1)
  A moth of wrath (Spider:2)
  A sphinx skeleton (Depths:4)
  7 manticores
  4 merfolk sirens
  2 water nymphs
  2 elephants (Lair:6)
  A smoke demon (Depths:3)
  3 spiny frogs
  A hellion (Depths:3)
  A komodo dragon (Lair:1)
  2 spectral merfolk (Depths:2)
  A freezing wraith (IceCv)
  6 jumping spiders
  12 merfolk
  9 demonic crawlers
  A polar bear (Lair:6)
  3 hornets (Spider:4)
  4 wind drakes
  A hippogriff (Shoals:2)
  3 blink frogs
  17 slime creatures
  6 snapping turtles
  10 dream sheep
  13 tarantellas
  10 water elementals
  16 yaks
  23 redbacks
  A basilisk (Lair:5)
  4 wraiths
  A basilisk (shapeshifter) (Elf:1)
  2 wargs
  8 water moccasins
  2 hell hounds (Depths:2)
  A porcupine (Lair:1)
  An ice beast (IceCv)
  3 orc warriors (Orc:1)
  4 ogres
  10 wolves
  2 centaurs
  3 crocodiles
  5 bullfrogs
  An earth elemental (Elf:1)
  2 spectral ogres (Depths:2)
  2 elephant simulacra (IceCv)
  2 orc wizards (Orc:2)
  A troll simulacrum (IceCv)
  A shadow imp (D:11)
  An ufetubus (Depths:4)
  9 orcs
  3 fungi
  5 plants
  2 tentacles (Shoals:3)
414 creatures vanquished.

Vanquished Creatures (others)
  A golden dragon (Depths:4)
  A deep elf knight (Orc:2)
  A wolf (Lair:4)
  406 fulminant prisms
  10 fungi
  A lurking horror (Abyss:2)
  66 plants
  2 starspawn tentacles (Abyss:2)
  2 tentacles (Shoals:3)
490 creatures vanquished.

Grand Total: 2740 creatures vanquished

Notes
Turn   | Place    | Note
-------+----------+-------------------------------------------
     0 | D:1      | beigtais the Deep Elf Conjurer began the quest for the Orb.
     0 | D:1      | Reached XP level 1. HP: 10/10 MP: 6/6
   246 | D:1      | Reached XP level 2. HP: 15/15 MP: 5/8
   350 | D:1      | Reached skill level 5 in Conjurations
   385 | D:1      | Learned a level 2 spell: Searing Ray
   852 | D:2      | Reached XP level 3. HP: 19/19 MP: 3/9
   926 | D:2      | Noticed Robin
  1105 | D:2      | Noticed Jessica
  1321 | D:2      | Killed Jessica
  1321 | D:2      | Reached skill level 1 in Short Blades
  1321 | D:2      | Reached XP level 4. HP: 24/24 MP: 5/10
  1380 | D:2      | Learned a level 4 spell: Fulminant Prism
  1930 | D:2      | Found a radiant altar of Vehumet.
  1940 | D:2      | Became a worshipper of Vehumet
  1945 | D:2      | Found a sacrificial altar of Ru.
  1951 | D:2      | Found a hazy altar of Hepliaklqana.
  2289 | D:3      | Reached XP level 5. HP: 28/28 MP: 7/12
  2338 | D:3      | Learned a level 4 spell: Force Lance
  2855 | D:3      | Noticed flestrin's ghost (amateur OpVM)
  2964 | D:4      | Noticed an ice beast
  3790 | D:3      | Found a blossoming altar of Fedhas.
  4232 | D:4      | Killed an ice beast
  4232 | D:4      | Reached skill level 4 in Spellcasting
  4238 | D:4      | Noticed a phantom
  4299 | D:4      | Killed a phantom
  4299 | D:4      | Reached skill level 5 in Spellcasting
  4299 | D:4      | Reached skill level 1 in Hexes
  4299 | D:4      | Reached XP level 6. HP: 26/32 MP: 0/15
  4483 | D:4      | Found a hide-covered altar of Uskayaw.
  4616 | D:4      | Found Yjoacwina's Food Boutique.
  4803 | D:4      | Reached skill level 1 in Throwing
  4809 | D:4      | Reached XP level 7. HP: 36/36 MP: 5/17
  4815 | D:4      | Learned a level 4 spell: Iskenderun's Mystic Blast
  4948 | D:4      | Reached skill level 6 in Spellcasting
  5080 | D:4      | Noticed Cadaver's ghost (novice HuWn)
  5212 | D:2      | Reached * piety under Vehumet
  5212 | D:2      | Offered knowledge of Sandblast by Vehumet.
  5821 | D:4      | Found a bloodstained altar of Trog.
  5973 | D:4      | Noticed Duvessa
  6037 | D:4      | Found a sparkling altar of Nemelex Xobeh.
  6085 | D:4      | Killed Cadaver's ghost
  6085 | D:4      | Reached skill level 1 in Staves
  6085 | D:4      | Reached skill level 7 in Spellcasting
  6085 | D:4      | Reached skill level 1 in Translocations
  6085 | D:4      | Reached XP level 8. HP: 41/41 MP: 5/21
  6247 | D:4      | Killed Robin
  6446 | D:4      | Found a runed door.
  6450 | D:4      | Noticed Crazy Yiuf
  6462 | D:4      | Killed Crazy Yiuf
  6717 | D:4      | Noticed Dowan
  6745 | D:4      | Killed Duvessa
  6745 | D:4      | Reached skill level 5 in Dodging
  6766 | D:4      | Reached skill level 8 in Spellcasting
  7063 | D:3      | Killed flestrin's ghost
  7363 | D:5      | Entered Level 5 of the Dungeon
  7382 | D:5      | Offered knowledge of Sting by Vehumet.
  7388 | D:5      | Reached ** piety under Vehumet
  7609 | D:5      | Found a staircase to the Ecumenical Temple.
  7623 | Temple   | Entered the Ecumenical Temple
  7867 | D:5      | Reached skill level 9 in Spellcasting
  8822 | D:5      | Reached XP level 9. HP: 45/45 MP: 22/24
  9013 | D:6      | Found a basalt altar of Yredelemnul.
  9119 | D:6      | Noticed Sigmund
  9125 | D:6      | Killed Sigmund
  9282 | D:6      | Offered knowledge of Mephitic Cloud by Vehumet.
  9287 | D:6      | Learned a level 3 spell: Mephitic Cloud
  9347 | D:6      | Noticed Eustachio
  9356 | D:6      | Killed Eustachio
  9601 | D:6      | Found Loegruets's Food Shoppe.
  9651 | D:6      | Found a shattered altar of Ashenzari.
 10012 | D:7      | Reached skill level 10 in Spellcasting
 10094 | D:7      | Reached *** piety under Vehumet
 10234 | D:7      | Found a blossoming altar of Fedhas.
 10246 | D:7      | Found a stormy altar of Qazlal.
 10312 | D:7      | Found Ofacvusa's Island Escapes.
 10932 | D:7      | Bought a scroll of teleportation for 39 gold pieces
 10932 | D:7      | Bought a scroll of blinking for 97 gold pieces
 11009 | D:8      | Noticed Joseph
 11534 | D:8      | Reached skill level 5 in Stealth
 11585 | D:8      | Offered knowledge of Ignite Poison by Vehumet.
 11652 | D:8      | Reached XP level 10. HP: 50/51 MP: 2/26
 11920 | D:8      | Found an iron altar of Okawaru.
 11934 | D:8      | Noticed a two-headed ogre
 11941 | D:8      | Killed a two-headed ogre
 11987 | D:8      | Reached skill level 11 in Spellcasting
 12245 | D:8      | Killed Joseph
 12245 | D:8      | Reached skill level 10 in Conjurations
 12914 | D:9      | Noticed Maurice
 12917 | D:9      | Reached **** piety under Vehumet
 13238 | D:9      | Killed Maurice
 13238 | D:9      | Reached skill level 1 in Air Magic
 13403 | D:9      | Reached skill level 12 in Spellcasting
 13575 | D:9      | Reached XP level 11. HP: 55/55 MP: 16/29
 13638 | D:9      | Noticed Grum
 13641 | D:9      | Killed Grum
 13641 | D:9      | Offered knowledge of Irradiate by Vehumet.
 13876 | D:9      | Found a deep blue altar of Sif Muna.
 14066 | D:9      | Noticed a deep elf mage
 14074 | D:9      | Killed a deep elf mage
 14324 | D:10     | Entered Level 10 of the Dungeon
 14339 | D:9      | Killed an unseen horror
 14549 | D:10     | Reached skill level 5 in Staves
 14853 | D:10     | Reached skill level 5 in Hexes
 14938 | D:10     | Found a blossoming altar of Fedhas.
 14960 | D:10     | Killed an unseen horror
 15530 | D:10     | Found Ipyigix's Distillery.
 15605 | D:10     | Gained mutation: You have large cloven feet. [mutagenic meat]
 15606 | D:10     | Gained mutation: You have a pair of small horns on your head. [mutagenic meat]
 15608 | D:10     | Gained mutation: You are partially covered in rugged brown scales. (AC +1, +3% HP) [mutagenic meat]
 15609 | D:10     | Gained mutation: Your body sometimes deteriorates upon taking damage. [mutagenic meat]
 15610 | D:10     | Gained mutation: Your magical capacity is low. (-10% MP) [mutagenic meat]
 15690 | D:10     | Noticed a two-headed ogre
 15700 | D:10     | Noticed a two-headed ogre
 15707 | D:10     | Killed a two-headed ogre
 15713 | D:10     | Killed a two-headed ogre
 15713 | D:10     | Reached skill level 13 in Spellcasting
 15969 | D:11     | Reached skill level 5 in Throwing
 16426 | D:11     | Reached skill level 1 in Poison Magic
 16538 | D:11     | Noticed an unseen horror
 16546 | D:11     | Noticed a purple ugly thing
 16546 | D:11     | Killed an unseen horror
 16567 | D:11     | Killed a purple ugly thing
 16567 | D:11     | Reached XP level 12. HP: 61/61 MP: 3/28
 16859 | D:11     | Found a staircase to the Orcish Mines.
 16924 | D:11     | Noticed Frank's ghost (journeyman OpMo)
 16940 | D:11     | Killed Frank's ghost
 17528 | D:11     | Found a staircase to the Lair.
 17712 | D:11     | Reached ***** piety under Vehumet
 18089 | D:12     | Noticed a two-headed ogre
 18094 | D:12     | Killed a two-headed ogre
 18105 | D:12     | Offered knowledge of Venom Bolt by Vehumet.
 18448 | D:12     | Reached skill level 14 in Spellcasting
 18452 | D:12     | Lost mutation: Your body sometimes deteriorates upon taking damage. [mutagenic meat]
 18453 | D:12     | Gained mutation: You are weak. (Str -2) [mutagenic meat]
 18782 | D:12     | Learned a level 3 spell: Confuse
 18788 | D:12     | Learned a level 5 spell: Venom Bolt
 18838 | D:12     | Found a portal to a secret trove of treasure.
 19109 | D:13     | Reached skill level 1 in Fighting
 19509 | D:13     | Noticed Azrael
 19525 | D:13     | Killed Azrael
 20452 | D:13     | Noticed a centaur warrior
 20463 | D:13     | Killed a centaur warrior
 20463 | D:13     | Reached XP level 13. HP: 57/65 MP: 9/30
 20678 | D:13     | Found Saysk's General Store.
 20681 | D:13     | Bought a scroll of amnesia for 35 gold pieces
 20681 | D:13     | Bought a scroll of blinking for 75 gold pieces
 20681 | D:13     | Bought a +0 pair of boots of stealth for 115 gold pieces
 21720 | D:13     | Reached skill level 15 in Spellcasting
 22358 | D:13     | Gained mutation: Scrolls take you a little longer to read. [mutagenic meat]
 22558 | D:14     | Reached skill level 10 in Dodging
 22717 | D:14     | Found a gate to the Vaults.
 22896 | D:14     | Offered knowledge of Iskenderun's Battlesphere by Vehumet.
 22946 | D:15     | Entered Level 15 of the Dungeon
 23256 | D:14     | You fall through a shaft!
 23943 | D:15     | Gained mutation: You are very weak. (Str -4) [mutagenic meat]
 24200 | D:15     | Lost mutation: Your magical capacity is low. (-10% MP) [potion of mutation]
 24200 | D:15     | Lost mutation: Scrolls take you a little longer to read. [potion of mutation]
 24200 | D:15     | Lost mutation: You are very weak. (Str -4) [potion of mutation]
 24200 | D:15     | Gained mutation: Your flesh is cold resistant. (rC+) [potion of mutation]
 24200 | D:15     | Gained mutation: Your mind is acute. (Int +2) [potion of mutation]
 24200 | D:15     | Gained mutation: You are partially covered in iridescent scales. (AC +2) [potion of mutation]
 24217 | D:15     | Learned a level 5 spell: Iskenderun's Battlesphere
 24781 | D:15     | Reached skill level 16 in Spellcasting
 24850 | D:15     | Found a staircase to the Depths.
 24859 | D:15     | Reached XP level 14. HP: 72/72 MP: 29/36
 27219 | D:14     | Reached skill level 5 in Translocations
 27574 | D:13     | Offered knowledge of Spellforged Servitor by Vehumet.
 27781 | D:13     | Learned a level 7 spell: Spellforged Servitor
 27832 | D:13     | Reached skill level 17 in Spellcasting
 27955 | Orc:1    | Entered Level 1 of the Orcish Mines
 28111 | D:11     | Learned a level 4 spell: Animate Dead
 28281 | Lair:1   | Entered Level 1 of the Lair of Beasts
 28915 | Lair:1   | Reached skill level 1 in Necromancy
 29209 | Lair:2   | Reached skill level 10 in Stealth
 30137 | Lair:2   | Found a hole to the Spider Nest.
 30522 | Lair:3   | Noticed Gastronok
 31308 | Lair:3   | Learned a level 6 spell: Freezing Cloud
 31390 | Lair:3   | Killed Gastronok
 31545 | Lair:3   | Offered knowledge of Bolt of Draining by Vehumet.
 31662 | Lair:3   | Found a staircase to the Shoals.
 31942 | Lair:4   | Found a frozen archway.
 31962 | Lair:4   | Learned a level 5 spell: Bolt of Draining
 31964 | IceCv    | Entered an ice cave
 32722 | IceCv    | Reached XP level 15. HP: 77/77 MP: 27/38
 33251 | IceCv    | Found an ancient bone altar of Kikubaaqudgha.
 33442 | Lair:4   | Reached skill level 15 in Conjurations
 34045 | Lair:4   | Reached skill level 18 in Spellcasting
 34913 | Lair:5   | Found a staircase to the Slime Pits.
 34945 | Lair:5   | Offered knowledge of Iron Shot by Vehumet.
 34969 | Lair:5   | Learned a level 6 spell: Iron Shot
 35675 | Lair:6   | Entered Level 6 of the Lair of Beasts
 36088 | Lair:6   | Reached skill level 5 in Necromancy
 36300 | Lair:6   | Identified a scroll of acquirement
 36547 | Lair:6   | Identified the Reference Book on the Rocks
 37592 | Orc:1    | Found Leqaulif's Gadget Shoppe.
 37638 | Orc:1    | Found Reacluwn's Antique Armour Boutique.
 37719 | Orc:2    | Entered Level 2 of the Orcish Mines
 37731 | Orc:2    | Found a staircase to the Elven Halls.
 38098 | Orc:2    | Reached skill level 1 in Ice Magic
 38915 | Orc:2    | Found an ancient bone altar of Kikubaaqudgha.
 39022 | Orc:2    | Noticed Nergalle
 39036 | Orc:2    | Killed Nergalle
 39036 | Orc:2    | Reached skill level 19 in Spellcasting
 39099 | Orc:2    | Reached ****** piety under Vehumet
 39099 | Orc:2    | Offered knowledge of Poison Arrow by Vehumet.
 39185 | Orc:2    | Found Pypauf's Magic Scroll Boutique.
 39455 | Orc:2    | Found Kiawu's Magic Scroll Shop.
 39488 | Orc:2    | Bought a scroll of enchant weapon for 112 gold pieces
 39488 | Orc:2    | Bought a scroll of enchant weapon for 112 gold pieces
 39505 | Orc:2    | Found a radiant altar of Vehumet.
 39587 | Orc:2    | Found a roughly hewn altar of Beogh.
 39587 | Orc:2    | Found Efeecuply's Antique Weapon Shop.
 39587 | Orc:2    | Found Qutimaf's Book Boutique.
 40102 | Lair:6   | Reached XP level 16. HP: 82/82 MP: 12/41
 41224 | Orc:1    | Found Pun Bops's Antique Weapon Shoppe.
 41226 | Orc:1    | Offered knowledge of Bolt of Cold by Vehumet.
 41248 | Orc:1    | Noticed Urug
 41421 | Orc:1    | Killed Urug
 41862 | Orc:2    | Bought a book of Fire for 910 gold pieces
 41869 | Orc:2    | Learned a level 6 spell: Bolt of Fire
 41948 | Elf:1    | Entered Level 1 of the Elven Halls
 42897 | Elf:1    | Reached skill level 1 in Fire Magic
 42899 | Elf:1    | Reached skill level 5 in Ice Magic
 43525 | Elf:1    | Cast into level 2 of the Abyss (a deep elf sorcerer)
 43660 | Abyss:2  | Learned a level 6 spell: Bolt of Cold
 43924 | Abyss:2  | Noticed a tentacled starspawn
 43976 | Abyss:2  | Killed a tentacled starspawn
 43976 | Abyss:2  | Reached skill level 20 in Spellcasting
 44286 | Elf:1    | Escaped the Abyss
 44509 | Elf:1    | Noticed Kirke
 44524 | Elf:1    | Killed Kirke
 44837 | Elf:1    | Noticed Nikola
 44869 | Elf:1    | Killed Nikola
 45117 | Elf:1    | Offered knowledge of Fire Storm by Vehumet.
 45117 | Elf:1    | Offered knowledge of Shatter by Vehumet.
 45117 | Elf:1    | Offered knowledge of Chain Lightning by Vehumet.
 45631 | Elf:1    | Got a pair of faintly humming boots
 45773 | Elf:1    | Reached skill level 1 in Earth Magic
 46035 | Elf:1    | Reached XP level 17. HP: 86/86 MP: 36/43
 46999 | Elf:2    | Identified the cursed +0 pair of boots "Jutwesaefa" {Regen+ Dex+3 Slay-3} (You found it on level 1 of the Elven Halls)
 47438 | Elf:2    | Found Lawuc's General Store.
 47787 | Elf:2    | Bought a scroll of identify for 32 gold pieces
 48073 | Elf:2    | Reached skill level 21 in Spellcasting
 48208 | Elf:2    | Reached skill level 5 in Fire Magic
 48698 | Elf:2    | Found a runed gate.
 48698 | Elf:2    | Found a runed gate.
 48698 | Elf:2    | Found a runed gate.
 48728 | Elf:2    | Reached skill level 5 in Air Magic
 49107 | Elf:2    | Noticed Donald
 49209 | Elf:2    | Killed Donald
 49255 | Elf:2    | Noticed a deep elf blademaster
 49389 | Elf:2    | Reached skill level 1 in Summonings
 49875 | Elf:2    | Killed a deep elf blademaster
 50136 | Elf:3    | Entered Level 3 of the Elven Halls
 50454 | Elf:3    | Reached skill level 10 in Necromancy
 51237 | Elf:3    | Reached XP level 18. HP: 80/91 MP: 22/45
 51239 | Elf:3    | Noticed a Brimstone Fiend
 51704 | Shoals:1 | Entered Level 1 of the Shoals
 53575 | Shoals:2 | Noticed Frances
 53582 | Shoals:2 | Killed Frances
 53598 | Shoals:2 | Reached skill level 22 in Spellcasting
 53601 | Shoals:2 | Noticed Louise
 53604 | Shoals:2 | Killed Louise
 54943 | Shoals:3 | Found Gihokk's Distillery.
 55662 | Shoals:4 | Entered Level 4 of the Shoals
 55664 | Shoals:4 | Noticed Polyphemus
 55711 | Shoals:3 | Learned a level 8 spell: Ignition
 55916 | Shoals:4 | Killed Polyphemus
 56809 | Shoals:3 | Bought a potion of cancellation for 104 gold pieces
 56809 | Shoals:3 | Bought a potion of invisibility for 104 gold pieces
 56809 | Shoals:3 | Bought a potion of resistance for 130 gold pieces
 56809 | Shoals:3 | Bought a potion of haste for 130 gold pieces
 57718 | Orc:1    | Bought a pair of glowing gloves for 165 gold pieces
 58960 | D:9      | Identified Sif Muna's Incunabulum of the Escort
 59106 | D:13     | Bought a scroll of teleportation for 30 gold pieces
 59305 | D:10     | Bought a potion of magic for 112 gold pieces
 59305 | D:10     | Bought a potion of heal wounds for 70 gold pieces
 60114 | Elf:3    | Reached XP level 19. HP: 85/95 MP: 7/47
 60378 | Elf:3    | Got a ring of the Octopus King
 60858 | Elf:3    | Reached skill level 23 in Spellcasting
 61654 | Elf:3    | Got a slimy jade ring
 61920 | Elf:3    | Learned a level 6 spell: Deflect Missiles
 62048 | Elf:3    | Learned a level 2 spell: Blink
 62731 | Shoals:4 | Noticed Ilsuiw
 65426 | Shoals:4 | Killed Ilsuiw
 65762 | Shoals:4 | Identified the ring of Fisanaut {Fire *Corrode +Inv Int-2 Dex+8} (You found it on level 3 of the Elven Halls)
 65891 | Shoals:4 | Got a barnacled rune of Zot
 66755 | Spider:1 | Entered Level 1 of the Spider Nest
 66882 | Spider:1 | Identified a ring of the Octopus King {MP+9 AC+1 EV+1 Str+1 Int+1 Dex+1} (You took it off a deep elf archer on level 3 of the Elven Halls)
 68002 | Spider:2 | Reached skill level 10 in Fire Magic
 68113 | Spider:2 | Found a roughly hewn altar of Beogh.
 68397 | Spider:2 | Reached skill level 24 in Spellcasting
 69064 | Spider:2 | Reached XP level 20. HP: 87/103 MP: 9/50
 70039 | Spider:3 | Got a dazzling hand axe
 70040 | Spider:3 | Identified the cursed +1 hand axe of Tomorrow {chop, rN+} (You found it on level 3 of the Spider Nest)
 70443 | Spider:4 | Entered Level 4 of the Spider Nest
 70454 | Spider:4 | Noticed kae's ghost (adept DsGl)
 70477 | Spider:4 | Killed kae's ghost
 71140 | Spider:4 | Noticed simples's ghost (adept GrGl)
 71165 | Spider:4 | Killed simples's ghost
 73074 | Spider:4 | Got a gossamer rune of Zot
 73269 | Slime:1  | Entered Level 1 of the Pits of Slime
 73828 | Slime:2  | Reached skill level 25 in Spellcasting
 73989 | Slime:2  | Gained mutation: Scrolls take you a little longer to read. [a shining eye]
 75151 | Slime:3  | Gained mutation: You expend magic power (3 MP) to strengthen your wands. [a shining eye]
 75290 | Slime:3  | Reached XP level 21. HP: 107/107 MP: 52/52
 75706 | Slime:4  | Gained mutation: Your magical capacity is low. (-10% MP) [a shining eye]
 76073 | Slime:3  | Lost mutation: You have a pair of small horns on your head. [potion of mutation]
 76073 | Slime:3  | Lost mutation: Scrolls take you a little longer to read. [potion of mutation]
 76073 | Slime:3  | Lost mutation: You expend magic power (3 MP) to strengthen your wands. [potion of mutation]
 76073 | Slime:3  | Gained mutation: You have a pair of small horns on your head. [potion of mutation]
 77213 | Orc:2    | Bought a translucent lajatang for 600 gold pieces
 77244 | Orc:2    | Bought a scroll of identify for 30 gold pieces
 77244 | Orc:2    | Identified the +4 lajatang of Overwhelming Force {venom, Fragile +Rage Int+5} (You bought it in a shop on level 2 of the Orcish Mines)
 77542 | Slime:5  | Entered Level 5 of the Pits of Slime
 78176 | Slime:5  | Noticed the Royal Jelly
 78376 | Slime:5  | Gained mutation: You are very weak. (Str -4) [a shining eye]
 78724 | Slime:5  | Killed the Royal Jelly
 78724 | Slime:5  | Reached skill level 26 in Spellcasting
 79024 | Slime:5  | Identified Vuazxum's Volume of Mutagenic Sinister Rituals
 79117 | Slime:5  | Got a slimy rune of Zot
 79142 | Slime:5  | Got a scintillating zirconium amulet
 79160 | Slime:5  | Identified the Compendium of the Congealing Mountains
 79181 | Slime:5  | Identified the amulet "Ynoada Soit" {Faith +Fly rN+ Dex-4} (You found it on level 5 of the Pits of Slime)
 80607 | Depths:1 | Entered Level 1 of the Depths
 81413 | Depths:1 | Noticed Aizul
 81422 | Depths:1 | Killed Aizul
 81743 | Depths:1 | Found Neac's Gadget Shoppe.
 81743 | Depths:1 | Found Nyom's Jewellery Boutique.
 81744 | Depths:1 | Found Kuevy's Gadget Shoppe.
 81765 | Depths:1 | Reached skill level 1 in Armour
 81789 | Depths:1 | Reached skill level 10 in Ice Magic
 82085 | Depths:1 | Found a gateway to Hell.
 82239 | Depths:1 | Found a basalt altar of Yredelemnul.
 82853 | Depths:1 | Reached XP level 22. HP: 111/111 MP: 45/49
 84868 | Depths:2 | Noticed an ancient lich
 85366 | Depths:3 | Found Zaickual's Distillery.
 85379 | Depths:3 | Bought a potion of haste for 140 gold pieces
 85379 | Depths:3 | Bought a potion of resistance for 140 gold pieces
 85379 | Depths:3 | Bought a potion of heal wounds for 70 gold pieces
 85383 | Depths:3 | Noticed Chisa's ghost (veteran DsGl)
 85407 | Depths:3 | Killed Chisa's ghost
 85461 | Depths:3 | Found a gateway to a ziggurat.
 85775 | Depths:3 | Reached skill level 27 in Spellcasting
 85780 | Depths:3 | Noticed a juggernaut
 86018 | Depths:3 | Found Sawnam's Food Shop.
 86479 | Depths:3 | Paralysed by a floating eye for 3 turns
 86882 | Depths:3 | Noticed a juggernaut
 86886 | Depths:3 | Killed a juggernaut
 86886 | Depths:3 | Reached skill level 5 in Summonings
 86934 | Depths:3 | Paralysed by a floating eye for 3 turns
 87392 | Depths:3 | Reached skill level 15 in Necromancy
 87872 | Depths:3 | Killed a juggernaut
 87872 | Depths:3 | Reached XP level 23. HP: 115/115 MP: 29/50
 88481 | Depths:2 | Identified the Disquisition on Arcane Weapons (You acquired it on level 2 of the Depths)
 88792 | Depths:3 | Found a one-way gate leading to the halls of Pandemonium.
 88970 | Depths:3 | Found Weur's Antique Armour Boutique.
 88975 | Depths:3 | Bought a pair of embroidered boots for 292 gold pieces
 89242 | Depths:3 | Found Gesachel's Gadget Shop.
 89325 | Depths:3 | Found Efadd's Assorted Antiques.
 89329 | Depths:3 | Bought a potion of heal wounds for 160 gold pieces
 89329 | Depths:3 | Bought an engraved book for 480 gold pieces
 89329 | Depths:3 | Identified Qegetu's Collected Works on the Shifting Rocks (You bought it in a shop on level 3 of the Depths)
 89372 | Depths:3 | Reached skill level 1 in Charms
 90011 | Depths:4 | Found a one-way gate to the infinite horrors of the Abyss.
 90279 | Depths:4 | Slain by a spark wasp

Skill      XL: |  1  2  3  4  5  6  7  8  9 10 11 12 13 14 15 16 17 18 19 20 21 22 23 |
---------------+----------------------------------------------------------------------+-----
Conjurations   | 5 6 7 8 9 10 11 12 14 15 16 17 18 19 20 | 20.2
Short Blades   | 1 |  1.7
Stealth        | 3 4 5 6 7 8 9 10 11 | 11.6
Dodging        | 3 4 5 6 7 8 9 10 11 12 | 12.2
Spellcasting   | 5 7 9 10 12 13 14 16 17 19 20 21 22 24 25 26 27 | 27.0
Hexes          | 1 2 3 4 5 6 7 |  7.8
Throwing       | 1 3 4 5 6 7 |  7.6
Staves         | 1 2 3 4 5 6 7 8 |  8.9
Translocations | 1 2 3 4 5 6 7 |  7.4
Air Magic      | 1 2 4 5 6 7 |  7.8
Poison Magic   | 1 3 4 |  4.0
Fighting       | 1 2 |  2.6
Necromancy     | 2 7 8 10 11 13 14 15 | 15.4
Ice Magic      | 3 6 7 8 10 12 | 12.6
Fire Magic     | 3 6 9 10 12 13 14 | 14.8
Earth Magic    | 1 2 3 |  3.2
Summonings     | 1 3 4 5 |  5.5
Armour         | 1 2 |  2.5
Charms         | 2 |  2.0
Evocations     | |  0.7

Action                   |  1- 3 |  4- 6 |  7- 9 | 10-12 | 13-15 | 16-18 | 19-21 | 22-24 || total
-------------------------+-------+-------+-------+-------+-------+-------+-------+-------++-------
Melee: Dagger            |     4 |    36 |    12 |       |       |       |       |       ||    52
       Quarterstaff      |       |       |    26 |    71 |   199 |    35 |    14 |       ||   345
       Kick              |       |       |       |    19 |       |       |       |       ||    19
       Headbutt          |       |       |       |     8 |    17 |     8 |    10 |       ||    43
       Staff             |       |       |       |       |    15 |     6 |    28 |       ||    49
       Lajatang          |       |       |       |       |       |       |     5 |       ||     5
 Fire: Blowgun           |       |       |     2 |       |       |       |       |       ||     2
Throw: Stone             |     2 |    18 |    22 |     5 |       |       |       |       ||    47
       Tomahawk          |       |       |       |    33 |    40 |    23 |     7 |    10 ||   113
       Throwing net      |       |       |       |       |     3 |       |       |       ||     3
       Javelin           |       |       |       |       |       |       |    10 |       ||    10
 Cast: Magic Dart        |    46 |    65 |    46 |     8 |       |       |       |       ||   165
       Searing Ray       |     1 |     6 |     3 |       |       |       |       |       ||    10
       Force Lance       |       |     5 |    36 |    77 |   144 |    65 |    80 |    41 ||   448
       Fulminant Prism   |       |     9 |    74 |   143 |   155 |    20 |     7 |       ||   408
       Iskenderun's Myst |       |       |    29 |    53 |   105 |       |       |       ||   187
       Mephitic Cloud    |       |       |     7 |    18 |     4 |       |       |       ||    29
       Venom Bolt        |       |       |       |    15 |    95 |       |       |       ||   110
       Confuse           |       |       |       |       |     6 |     7 |       |       ||    13
       Animate Dead      |       |       |       |       |   125 |   172 |   177 |    60 ||   534
       Iskenderun's Batt |       |       |       |       |    11 |       |       |       ||    11
       Spellforged Servi |       |       |       |       |     8 |    76 |    68 |    42 ||   194
       Bolt of Draining  |       |       |       |       |   122 |   223 |   199 |    79 ||   623
       Freezing Cloud    |       |       |       |       |    42 |    84 |    46 |    15 ||   187
       Iron Shot         |       |       |       |       |     1 |    74 |    19 |    12 ||   106
       Bolt of Fire      |       |       |       |       |       |    86 |   246 |   113 ||   445
       Bolt of Cold      |       |       |       |       |       |    13 |    65 |    52 ||   130
       Ignition          |       |       |       |       |       |     8 |   106 |    47 ||   161
       Blink             |       |       |       |       |       |       |    52 |    12 ||    64
       Deflect Missiles  |       |       |       |       |       |       |     6 |     4 ||    10
 Abil: Stop Flying       |       |     1 |     1 |       |       |       |       |       ||     2
       Evoke Flight      |       |     1 |     1 |       |       |       |       |       ||     2
Evoke: Wand              |       |       |       |     4 |     6 |    11 |     2 |     1 ||    24
  Use: Scroll            |     2 |     4 |    10 |    14 |    29 |    17 |    17 |    10 ||   103
       Potion            |     1 |     3 |     2 |     2 |     3 |     7 |     4 |    10 ||    32
 Stab: Sleeping          |     2 |     5 |       |     4 |     1 |       |       |       ||    12
       Confused          |       |       |       |     1 |     8 |     2 |       |       ||    11
       Paralysed         |       |       |       |     1 |       |       |       |       ||     1
       Held in net/web   |       |       |       |       |     1 |       |       |       ||     1
       Distracted        |       |       |       |       |     1 |       |       |       ||     1
       Petrifying        |       |       |       |       |     1 |     1 |       |       ||     2
  Eat: Chunk             |     1 |     8 |    19 |    23 |    10 |     6 |     3 |       ||    70
       Bread ration      |       |     1 |       |     1 |     8 |     6 |     8 |     2 ||    26
       Royal jelly       |       |     1 |     1 |       |       |     6 |     1 |       ||     9
       Fruit             |       |       |     6 |     5 |    23 |     2 |     3 |     1 ||    40
       Meat ration       |       |       |     1 |       |       |     4 |     6 |     2 ||    13
Armor: Robe              |     3 |    16 |    16 |    28 |    69 |    25 |    37 |       ||   194
       Leather armour    |       |       |       |       |       |       |    16 |    14 ||    30
Dodge: Dodged            |     9 |    34 |    47 |    83 |   338 |   177 |   201 |    67 ||   956
       Deflected         |       |       |       |       |       |       |    45 |    29 ||    74
Block: Other             |       |       |       |       |    33 |    13 |    13 |     2 ||    61
       Reflection        |       |       |       |       |     2 |     8 |     2 |       ||    12
